 Dungeon Crawl Stone Soup version 0.19.1-1-g22dce08 (webtiles) character file.

460 galech the Cudgeler (level 6, -3/61 HPs)
             Began as a Troll Fighter on Jan 5, 2017.
             Was an Initiate of Okawaru.
             Slain by a mummy (18 damage)
             ... in an ossuary.
             The game lasted 00:06:35 (2630 turns).

galech the Cudgeler (Troll Fighter)                 Turns: 2630, Time: 00:06:35

Health: -3/61      AC:  6    Str: 27    XL:     6   Next: 78%
Magic:  5/5        EV:  7    Int:  4    God:    Okawaru [......]
Gold:   147        SH: 15    Dex:  9    Spells: 0 memorised, 5 levels left

rFire  . . .     SeeInvis .     a - +0 flail
rCold  . . .     Gourm    +     b - +0 robe
rNeg   . . .     Faith    .     e - +0 large shield
rPois  .         Spirit   .     (helmet restricted)
rElec  .         Reflect  .     q - +0 cloak
rCorr  .         Harm     .     (gloves unavailable)
MR     .....                    (boots unavailable)
Stlth  +.........               (no amulet)
                                (no ring)
                                (no ring)

@: no status effects
A: unfitting armour, claws 3, fast metabolism 3, gourmand, regeneration 1,
shaggy fur 1, tough skin 2
a: Renounce Religion


You were in an ossuary.
You worshipped Okawaru.
Okawaru was noncommittal.
You were full.

You visited 1 branch of the dungeon, and saw 4 of its levels.
You also visited: Ossuary.

You collected 147 gold pieces.

Inventory:

Hand Weapons
 a - a +0 flail (weapon)
 o - a +0 club
Armour
 b - a +0 robe (worn)
 e - a +0 large shield (worn)
 q - a +0 cloak (worn)
Jewellery
 t - an uncursed ring of wizardry {unknown}
 x - an uncursed ring of positive energy {unknown}
 A - a cursed amulet of inaccuracy {unknown}
 B - an uncursed ring of protection from magic {unknown}
Wands
 D - a wand of flame (18/48)
 E - a wand of disintegration (12/24)
Scrolls
 c - 4 scrolls of identify {unknown}
 j - 2 scrolls of remove curse {unknown}
 k - a scroll of noise {unknown}
 n - a scroll of teleportation {unknown}
 r - 2 scrolls of fog {unknown}
 s - a scroll of blinking {unknown}
 u - a scroll of fear {unknown}
 w - a scroll of random uselessness {unknown}
 y - 2 scrolls of magic mapping {unknown}
Potions
 d - 2 potions of might
 g - a potion of lignification {unknown}
 h - a potion of degeneration {unknown}
 l - 2 potions of agility {unknown}
 m - a potion of cancellation {unknown}
 p - a potion of beneficial mutation {unknown}
 v - a potion of brilliance {unknown}
 z - a potion of ambrosia {unknown}
Comestibles
 f - 4 bread rations
 i - 2 meat rations
 C - a slice of pizza


   Skills:
 + Level 3.2 Fighting
 + Level 4.3 Maces & Flails
 + Level 3.6 Dodging
 + Level 3.8 Shields


You had 5 spell levels left.
You didn't know any spells.

Dungeon Overview and Level Annotations

Branches:
Dungeon (4/15)
 Temple: D:4-7

Altars:
Nemelex Xobeh
Okawaru


Innate Abilities, Weirdness & Mutations

You are too large for most types of armour.
You have claws for hands.
Your metabolism is lightning-fast.
You like to eat raw meat.
Your natural rate of healing is unusually fast.
You are covered in fur. (AC +1)
You have very tough skin. (AC +2)


Message History

* * * LOW HITPOINT WARNING * * *
You are too injured to fight recklessly!
You are too injured to fight recklessly!
You are too injured to fight recklessly!
You are too injured to fight recklessly!
You are too injured to fight recklessly!
You are too injured to fight recklessly!
You are too injured to fight recklessly!
You are too injured to fight recklessly!
You are too injured to fight recklessly!
You are too injured to fight recklessly!
You are too injured to fight recklessly!
You are too injured to fight recklessly!
You are too injured to fight recklessly!
You are too injured to fight recklessly!
Unknown command.
You barely miss the mummy.
The mummy is heavily damaged.
You block the mummy's attack. The mummy hits you!!
You die...

#########
###.......#+#
##.M..........
#...@.........
#...M.∩.∩.....
#.............
##............
###.......#+#
#########


You could see 2 mummies.

Vanquished Creatures
  Grinder (D:3)
  A scorpion (D:4)
  An orc wizard (D:3)
  Natasha (thrice) (D:2)
  A mummy (Ossuary)
  4 adders (D:2)
  An ooze (D:2)
  3 worms
  2 dart slugs
  2 leopard geckos (D:1)
  5 orcs (D:3)
  2 giant cockroaches
  9 goblins
  6 hobgoblins
  3 jackals (D:1)
  4 kobolds
  4 bats
  2 frilled lizards
  6 rats
60 creatures vanquished.

Vanquished Creatures (others)
  A kobold (D:2)
1 creature vanquished.

Grand Total: 61 creatures vanquished

Notes
Turn   | Place    | Note
-------+----------+-------------------------------------------
     0 | D:1      | galech the Troll Fighter began the quest for the Orb.
     0 | D:1      | Reached XP level 1. HP: 22/22 MP: 0/0
   557 | D:1      | Reached XP level 2. HP: 29/29 MP: 1/1
   750 | D:1      | Reached skill level 2 in Maces & Flails
   896 | D:2      | Reached XP level 3. HP: 34/36 MP: 2/2
   912 | D:2      | Noticed Natasha
   918 | D:2      | Killed Natasha
   974 | D:2      | Reached XP level 4. HP: 32/44 MP: 3/3
  1192 | D:2      | Noticed Natasha
  1203 | D:2      | Killed Natasha
  1266 | D:2      | Found a sparkling altar of Nemelex Xobeh.
  1316 | D:2      | Noticed Natasha
  1371 | D:2      | Killed Natasha
  1371 | D:2      | Reached XP level 5. HP: 23/52 MP: 4/4
  1380 | D:2      | Reached skill level 3 in Maces & Flails
  1687 | D:3      | Noticed Grinder
  1832 | D:3      | Paralysed by Grinder for 3 turns
  1844 | D:3      | Paralysed by Grinder for 2 turns
  1849 | D:3      | Killed Grinder
  1849 | D:3      | Reached skill level 4 in Maces & Flails
  1849 | D:3      | Reached XP level 6. HP: 21/61 MP: 5/5
  1873 | D:3      | Found an iron altar of Okawaru.
  1914 | D:3      | Became a worshipper of Warmaster Okawaru
  2613 | D:4      | Found a sand-covered staircase.
  2621 | Ossuary  | Entered an ossuary
  2630 | Ossuary  | Slain by a mummy

Skill      XL: |  1  2  3  4  5 |
---------------+----------------+-----
Maces & Flails | 2 4 |  4.3
Shields        | 3 |  3.8
Dodging        | 3 |  3.6
Fighting       | 3 |  3.2

Action                   |  1- 3 |  4- 6 || total
-------------------------+-------+-------++-------
Melee: Flail             |    85 |   155 ||   240
       Club              |       |    21 ||    21
  Eat: Chunk             |    15 |    12 ||    27
Armor: Robe              |    33 |    59 ||    92
Dodge: Dodged            |    19 |    42 ||    61
Block: Large shield      |    70 |   157 ||   227
       Shield            |     5 |       ||     5
